 Dungeon Crawl Stone Soup version 0.29.0-5-ge4962eb29e (webtiles) character file.

Game seed: 2399319489333107005

55 Zeldest the Chopper (level 3, 0/33 HPs)
             Began as a Hill Orc Fighter on Aug 30, 2022.
             Succumbed to an adder's poison
             ... on level 2 of the Dungeon.
             The game lasted 00:00:52 (1045 turns).

Zeldest the Chopper (Hill Orc Fighter)              Turns: 1045, Time: 00:00:52

Health: 0/33       AC:  6    Str: 20    XL:     3   Next: 93%
Magic:  4/4        EV:  9    Int:  8    God:
Gold:   95         SH:  4    Dex: 10    Spells: 2/2 levels left

rFire   . . .      SeeInvis .   a - +0 war axe
rCold   . . .      Faith    .   c - +0 buckler
rNeg    . . .      Spirit   .   b - +0 scale mail
rPois   .          Reflect  .   (no helmet)
rElec   .          Harm     .   (no cloak)
rCorr   .          Rampage  .   (no gloves)
Will    .....                   (no boots)
Stlth   ..........              (no amulet)
HPRegen 0.11/turn               (no ring)
MPRegen 0.09/turn               (no ring)

@: lethally poisoned (0 -> -2)
A: no striking features
a: no special abilities


You were on level 2 of the Dungeon.
You visited 1 branch of the dungeon, and saw 2 of its levels.

You collected 95 gold pieces.

Inventory:

Hand Weapons
 a - a +0 war axe (weapon)
Armour
 b - a +0 scale mail (worn)
 c - a +0 buckler (worn)
Jewellery
 p - a ring of magical power
Scrolls
 e - 2 scrolls of teleportation {unknown}
 f - a scroll of magic mapping {unknown}
 g - 3 scrolls of identify {unknown}
 j - 2 scrolls of immolation {unknown}
 l - a scroll of fear {unknown}
 q - a scroll of amnesia {unknown}
Potions
 d - a potion of might
 h - 2 potions of ambrosia {unknown}
 i - 2 potions of curing {unknown}
 k - a potion of attraction {unknown}
 m - a potion of experience {unknown}
 n - a potion of degeneration {unknown}
 o - a potion of mutation {unknown}


   Skills:
 + Level 4.2 Fighting
 * Level 4.3 Axes
 - Level 3.2 Armour
 - Level 3.2 Shields
 + Level 2.1 Invocations


You had 2 spell levels left.
You didn't know any spells.
Your spell library contained the following spells:

 Spells                   Type           Power      Damage    Failure   Level
 Beastly Appendage        Tmut           0%         N/A       85%         1
 Wereblood                Tmut           0%         N/A       94%         2
 Spider Form              Tmut/Pois      0%         N/A       99%         3


Dungeon Overview and Level Annotations

Branches:
Dungeon (2/15)

Altars:


Message History

The ball python attacks as you move away!
The ball python bites you but does no damage.
The ball python closely misses you.
You feel sick.
You are too injured to fight recklessly!
You slash the ball python!
You kill the ball python!
You feel sick. The adder bites you but does no damage.
You barely miss the adder.
You feel sick. The adder bites you.
You are more poisoned.
The adder poisons you! The adder bites you but does no damage.
You closely miss the adder.
You feel sick. The adder bites you but does no damage. The adder bites you.
You are more poisoned.
The adder poisons you!
You closely miss the adder.
* * * LOW HITPOINT WARNING * * *
You feel very sick.
The endoplasm jiggles.
The adder bites you but does no damage.
You closely miss the adder.
* * * LOW HITPOINT WARNING * * *
You feel sick. The adder bites you.
* * * LOW HITPOINT WARNING * * *
The adder closely misses you.
You hit the adder.
The adder is heavily wounded.
* * * LOW HITPOINT WARNING * * *
You feel sick. The adder barely misses you. The adder completely misses you.
You barely miss the adder.
The adder is heavily wounded.
* * * LOW HITPOINT WARNING * * *
You feel sick. You block the adder's attack.
The adder bites you but does no damage.
You miss the adder.
The adder is heavily wounded.
* * * LOW HITPOINT WARNING * * *
You feel sick. The adder closely misses you.
You barely miss the adder.
The adder is heavily wounded.
You die...

#...###.# #...#######
#....##.# #.........#
#....##.####...#####.#
..†#.##...)........#.#
#.....................
.
####.###...........#..
.. #....#
#####...#####.#..
#.#### #............#
#.# #....#@##..# #.#
#....#S##J##... #.#
#.#...BJ†.....# #.#
#.####.##r.##.# #.# #.
#.# ..# #.# .. ..# ...
..# . ...# ... ###
..... .. #..... .


You could see an adder, an endoplasm and a giant cockroach.

Vanquished Creatures
  An adder (D:2)
  5 ball pythons
  3 bats (D:2)
  3 endoplasms (D:1)
  4 giant cockroaches
  6 goblins
  6 hobgoblins
  3 quokkas
  4 frilled lizards (D:1)
  A kobold (D:2)
  2 rats
38 creatures vanquished.

Notes
Turn   | Place    | Note
-------+----------+-------------------------------------------
     0 | D:1      | Zeldest the Hill Orc Fighter began the quest for the Orb.
     0 | D:1      | Reached XP level 1. HP: 19/19 MP: 1/1
   122 | D:1      | Reached XP level 2. HP: 23/27 MP: 2/2
   134 | D:1      | Reached skill level 1 in Invocations
   692 | D:2      | Reached XP level 3. HP: 33/33 MP: 4/4
  1045 | D:2      | Succumbed to an adder's poison

Illustrated notes

Levels and vault maps discovered:
D:1:      minmay_arrival_up_and_down, layout_loops_ring
D:2:      layout_loops_cross, minmay_tromino_v4_a

Skill      XL: |  1  2  3 |
---------------+----------+-----
Axes           | 3 4 |  4.3
Invocations    | 1 2 |  2.1
Fighting       | 4 |  4.2
Armour         | |  3.2
Shields        | |  3.2

Action                   || total
-------------------------++-------
Melee: War axe           ||   105
Armor: Scale mail        ||    54
Dodge: Dodged            ||    54
Block: Buckler           ||    19
